 Dungeon Crawl Stone Soup version 0.25-a0-697-g890751e744 (webtiles) character file.

Game seed: 8238495169906378588, levelgen mode: deterministic

65 M4edhros the Charlatan (level 4, -4/28 HPs)
             Began as an Octopode Artificer on Apr 1, 2020.
             Was a Plaything of Xom.
             Slain by a sky beast (5 damage)
             ... on level 6 of the Dungeon.
             The game lasted 00:02:24 (1113 turns).

M4edhros the Charlatan (Octopode Artificer)         Turns: 1113, Time: 00:02:25

Health: -4/28      AC:  1    Str: 11    XL:     4   Next: 14%
Magic:  7/7        EV: 13    Int: 13    God:    Xom [..*...]
Gold:   100        SH:  0    Dex: 13    Spells: 3/3 levels left

rFire    + . .     SeeInvis .   a - +0 short sword
rCold    x . .     Gourm    .   (no shield)
rNeg     . . .     Faith    .   (helmet restricted)
rPois    .         Spirit   .   (no amulet)
rElec    .         Reflect  .   h - ring of fire
rCorr    .         Harm     .   (no ring)
MR       .....                  (no ring)
Stlth    ++++......             (no ring)
HPRegen  0.09/turn              (no ring)
MPRegen  0.10/turn              (no ring)
                                (no ring)
                                (no ring)

@: no status effects
A: almost no armour, stealthy swim, amphibious, 8 rings, constrict 8, camouflage
1, gelatinous body 1
a: Renounce Religion


You were on level 6 of the Dungeon.
You worshipped Xom.
You were a toy of Xom.
You were not hungry.

You visited 1 branch of the dungeon, and saw 5 of its levels.

You collected 100 gold pieces.

Inventory:

Hand Weapons
 a - a +0 short sword (weapon)
Missiles
 i - 9 poisoned darts (quivered)
 l - 18 sling bullets
Jewellery
 h - a ring of fire (left tentacle)
Wands
 b - a wand of flame (15)
 c - a wand of enslavement (12)
 d - a wand of random effects (15)
Scrolls
 e - 3 scrolls of remove curse {unknown}
 m - 2 scrolls of identify {unknown}
 o - a scroll of teleportation {unknown}
 q - a scroll of amnesia {unknown}
Potions
 g - a potion of flight
 j - a potion of stabbing {unknown}
 k - a potion of cancellation {unknown}
 n - a potion of lignification {unknown}
Comestibles
 f - 3 rations
 p - 2 chunks of flesh


   Skills:
 - Level 1.0 Fighting
 - Level 1.0 Short Blades
 - Level 2.0 Dodging
 + Level 4.1 Stealth
 + Level 4.4 Evocations


You had 3 spell levels left.
You didn't know any spells.
Your spell library was empty.

Dungeon Overview and Level Annotations

Branches:
Dungeon (4/15)
 Temple: D:4-7

Altars:
Dithmenos
Nemelex Xobeh
Sif Muna
Xom
The Shining One


Innate Abilities, Weirdness & Mutations

You cannot wear most types of armour.
You are very stealthy in the water. (Stealth+)
You are amphibious.
You can wear up to eight rings at the same time.
You can use your tentacles to constrict eight enemies at once.
Your skin changes colour to match your surroundings (Stealth+).
Your rubbery body absorbs attacks. (AC +1, EV +1)


Message History

The sky beast flickers out of sight!
Deactivating autopickup; reactivate with Ctrl-A.
Something hits you. Something shocks you.
Evoke which item? (* to show all) (? for menu, Esc to quit)
Aiming: Enslavement
Press: ? - help, Shift-Dir - straight line, f - you Nothing appears to happen.
A sky beast appears from thin air!
Reactivating autopickup.
The sky beast hits you. The sky beast shocks you.
* * * LOW HITPOINT WARNING * * *
Evoke which item? (* to show all) (? for menu, Esc to quit)
Aiming: Enslavement
Press: ? - help, Shift-Dir - straight line, f - sky beast
Aim: a sky beast (rain, lightly wounded, chance to defeat MR: 59%)
The sky beast resists with significant effort.
The sky beast hits you.
* * * LOW HITPOINT WARNING * * *
The sky beast shocks you.
You die...
Xom howls with laughter!

#.#.#####
#.....Y.#
#@# #.#
#!# #.#
#.# #.#
#.# #..
###


You could see a sky beast.

Vanquished Creatures
  A worker ant (D:4)
  2 dart slugs
  A leopard gecko (D:1)
  2 ball pythons
  4 bats
  2 giant cockroaches
  2 goblins (D:1)
  7 hobgoblins
  4 kobolds
  3 frilled lizards
  A quokka skeleton (D:4)
  7 rats
36 creatures vanquished.

Vanquished Creatures (collateral kills)
  A bat (D:1)
  A goblin (D:1)
2 creatures vanquished.

Vanquished Creatures (others)
  A gnoll (D:1)
1 creature vanquished.

Grand Total: 39 creatures vanquished

Notes
Turn   | Place    | Note
-------+----------+-------------------------------------------
     0 | D:1      | M4edhros the Octopode Artificer began the quest for the
                  | Orb.
     0 | D:1      | Reached XP level 1. HP: 13/13 MP: 3/3
    31 | D:1      | Reached XP level 2. HP: 16/18 MP: 4/4
   552 | D:1      | Reached XP level 3. HP: 23/23 MP: 5/5
   864 | D:2      | Found a sparkling altar of Nemelex Xobeh,
   867 | D:2      | Found a shadowy altar of Dithmenos,
   867 | D:2      | Found a shimmering altar of Xom,
   869 | D:2      | Found a glowing golden altar of the Shining One,
   870 | D:2      | Found a shimmering blue altar of Sif Muna,
   878 | D:2      | Became a worshipper of The Xom-Meister, Xom-Xom-bo-Bom,
                  | Banana-Fana-fo-Fom
  1069 | D:4      | Reached XP level 4. HP: 20/28 MP: 7/7
  1107 | D:4      | You fall into a shaft and drop 2 floors!
  1108 | D:6      | Noticed a sky beast
  1113 | D:6      | HP: 1/28 [sky beast (5)]
  1113 | D:6      | Slain by a sky beast

Levels and vault maps discovered:
D:1:      dpeg_arrival_simpleton_c, layout_basic
D:2:      layout_basic, grunt_temple_overflow_open, tgw_xom
D:3:      layout_basic, first_ration, grunt_ministairs_6
D:4:      minmay_inner_zag, layout_basic, serial_shops, shop
D:6:      minmay_razor_zed, layout_basic, serial_shops, shop_statue

Skill      XL: |  1  2  3 |
---------------+----------+-----
Stealth        | 2 3 4 |  4.1
Evocations     | 4 |  4.4
Fighting       | |  1.0
Short Blades   | |  1.0
Dodging        | |  2.0

Action                   |  1- 3 |  4- 6 || total
-------------------------+-------+-------++-------
Melee: Short sword       |    75 |     3 ||    78
       Constrict         |    24 |     1 ||    25
       Tentacles         |    13 |     1 ||    14
Evoke: Wand              |     1 |     2 ||     3
  Use: Potion            |     1 |       ||     1
 Stab: Distracted        |     2 |       ||     2
       Sleeping          |     2 |     2 ||     4
  Eat: Chunk             |       |     1 ||     1
Armor: Skin              |     9 |       ||     9
Dodge: Dodged            |    64 |       ||    64

Table legend:
 A = Non-vault XP
 B = Vault XP
 C = Vault XP percentage of total XP
 D = Non-vault monster count
 E = Vault monster count
 F = Vault count percentage of total count
                 A         B        C        D         E       F
            +---------+---------+-------+---------+---------+-------
      Total |      92 |       2 |   2.1 |      36 |       2 |   5.3
            +---------+---------+-------+---------+---------+-------
        D:1 |      43 |       0 |   0.0 |      26 |       0 |   0.0
        D:2 |       6 |       0 |   0.0 |       4 |       0 |   0.0
        D:3 |       7 |       2 |  22.2 |       3 |       2 |  40.0
        D:4 |      36 |       0 |   0.0 |       3 |       0 |   0.0
            +---------+---------+-------+---------+---------+-------
